TOP OF THE 1ST |
Montgomery Biscuits batting - Pitching for Gainesville Guidos : RHP Matt McGinnity
|
Pitching: RHP Matt McGinnity
|
|
Batting: RHB Dave Dawson
|
0-0: Called Strike 0-1: Swinging Strike 0-2: Strikes out swinging
|
Batting: RHB Collin Smith
|
0-0: Called Strike 0-1: Ball 1-1: Foul Ball, location: 2F 1-2: Strikes out swinging
|
Batting: RHB Larry Mitchell
|
0-0: Ball 1-0: Ball 2-0: Ground out 5-3 (Groundball, 5)
|
Top of the 1st over - 0 run(s), 0 hit(s), 0 error(s), 0 left on base; Montgomery 0 - Gainesville 0 |
BOTTOM OF THE 1ST |
Gainesville Guidos batting - Pitching for Montgomery Biscuits : RHP César López
|
Pitching: RHP César López
|
|
Batting: RHB Iván Moreno
|
0-0: Called Strike 0-1: Ball 1-1: Foul Ball, location: 2F 1-2: Ball 2-2: Strikes out swinging
|
Batting: LHB António Cedeño
|
0-0: Ball 1-0: Ball 2-0: Swinging Strike 2-1: Foul Ball, location: 2F 2-2: Ball 3-2: Base on Balls
|
Batting: LHB Dave Watt
|
0-0: Called Strike 0-1: Ball 1-1: Called Strike 1-2: Ground out 4-3 (Groundball, 4M) António Cedeño to second
|
Batting: LHB Mark Owens
|
0-0: Ball 1-0: DOUBLE (Groundball, 3L) António Cedeño scores
|
Batting: RHB Noriyori Ine
|
0-0: Ball 1-0: Called Strike 1-1: Foul Ball, location: 2F 1-2: Ball 2-2: Foul Ball, location: 2F 2-2: Foul Ball, location: 2F 2-2: Foul Ball, location: 2F 2-2: Foul Ball, location: 2F 2-2: Ground out 6-3 (Groundball, 6M)
|
Bottom of the 1st over - 1 run(s), 1 hit(s), 0 error(s), 1 left on base; Montgomery 0 - Gainesville 1 |
TOP OF THE 2ND |
Montgomery Biscuits batting - Pitching for Gainesville Guidos : RHP Matt McGinnity
|
Batting: RHB Jean-Paul St-Pierre
|
0-0: Called Strike 0-1: Foul Ball, location: 2F 0-2: Foul Ball, location: 2F 0-2: SINGLE (Line Drive, 89S)
|
Batting: RHB Pete Smith
|
0-0: Called Strike 0-1: Foul Ball, location: 2F 0-2: Ball 1-2: Strikes out swinging
|
Batting: LHB José Martínez
|
0-0: Ball Jean-Paul St-Pierre steals 2nd base 1-0: Foul Ball, location: 2F 1-1: Ball 2-1: Ball 3-1: Swinging Strike 3-2: Strikes out looking
|
Batting: RHB Carlos Vásquez
|
0-0: Ball 1-0: SINGLE (Groundball, 4M) Jean-Paul St-Pierre to third Runner from 3rd tries for Home, SAFE, no throw or cutoff
|
Batting: LHB Curt Causton
|
0-0: Called Strike Carlos Vásquez steals 2nd base 0-1: Called Strike 0-2: Foul Ball, location: 2F 0-2: Foul Ball, location: 2F 0-2: Strikes out swinging
|
Top of the 2nd over - 1 run(s), 2 hit(s), 0 error(s), 1 left on base; Montgomery 1 - Gainesville 1 |
BOTTOM OF THE 2ND |
Gainesville Guidos batting - Pitching for Montgomery Biscuits : RHP César López
|
Batting: RHB Pedro Mata
|
0-0: Called Strike 0-1: Ball 1-1: Ball 2-1: Swinging Strike 2-2: Strikes out looking
|
Batting: RHB Mitch Thomas
|
0-0: Ball 1-0: Swinging Strike 1-1: Swinging Strike 1-2: Ball 2-2: Ground out 5-3 (Groundball, 56S)
|
Batting: RHB Ben Morton
|
0-0: Foul Ball, location: 2F 0-1: Ground out 5-3 (Groundball, 5L)
|
Bottom of the 2nd over - 0 run(s), 0 hit(s), 0 error(s), 0 left on base; Montgomery 1 - Gainesville 1 |
TOP OF THE 3RD |
Montgomery Biscuits batting - Pitching for Gainesville Guidos : RHP Matt McGinnity
|
Batting: RHB Peyton Yardley
|
0-0: SINGLE (Groundball, 6M)
|
Batting: RHB Dave Dawson
|
0-0: Foul Ball, location: 2F 0-1: Foul Ball, location: 2F 0-2: Ball 1-2: Foul Ball, location: 2F 1-2: Ball 2-2: Ball 3-2: Strikes out looking Peyton Yardley is caught stealing 2nd base Batter strikes out.
|
Batting: RHB Collin Smith
|
0-0: Called Strike 0-1: SINGLE (Groundball, 56D)
|
Batting: RHB Larry Mitchell
|
0-0: Ball 1-0: Called Strike 1-1: Ball 2-1: Ball 3-1: Called Strike 3-2: Ground out 5-3 (Groundball, 56)
|
Top of the 3rd over - 0 run(s), 2 hit(s), 0 error(s), 1 left on base; Montgomery 1 - Gainesville 1 |
BOTTOM OF THE 3RD |
Gainesville Guidos batting - Pitching for Montgomery Biscuits : RHP César López
|
Batting: RHB Kyle O'Day
|
0-0: Ball 1-0: Ball 2-0: Swinging Strike 2-1: SINGLE (Flyball, 78S)
|
Pitching: LHP Tony García
|
|
Batting: RHB Iván Moreno
|
0-0: Called Strike 0-1: Ball 1-1: Ball 2-1: Swinging Strike 2-2: Fly out, F8 (Popup, 8RS)
|
Batting: LHB António Cedeño
|
0-0: Ball 1-0: Called Strike 1-1: Ball 2-1: SINGLE (Line Drive, 34D) Kyle O'Day to second
|
Batting: LHB Dave Watt
|
0-0: Ball 1-0: Fielders Choice at 2nd, 1-6 (Groundball, 13S) Kyle O'Day to third
|
Batting: LHB Mark Owens
|
0-0: Ball 1-0: Called Strike 1-1: Ball 2-1: Ball 3-1: Base on Balls Dave Watt to second
|
Batting: RHB Noriyori Ine
|
0-0: Foul Ball, location: 2F 0-1: Called Strike 0-2: Strikes out looking
|
Bottom of the 3rd over - 0 run(s), 2 hit(s), 0 error(s), 3 left on base; Montgomery 1 - Gainesville 1 |
TOP OF THE 4TH |
Montgomery Biscuits batting - Pitching for Gainesville Guidos : RHP Matt McGinnity
|
Batting: RHB Jean-Paul St-Pierre
|
0-0: Called Strike 0-1: Foul Ball, location: 2F 0-2: Strikes out swinging
|
Batting: RHB Pete Smith
|
0-0: Called Strike 0-1: Foul Ball, location: 2F 0-2: Strikes out looking
|
Batting: LHB José Martínez
|
0-0: Foul Ball, location: 2F 0-1: Swinging Strike 0-2: Ball 1-2: Ground out 5-3 (Groundball, 56)
|
Top of the 4th over - 0 run(s), 0 hit(s), 0 error(s), 0 left on base; Montgomery 1 - Gainesville 1 |
BOTTOM OF THE 4TH |
Gainesville Guidos batting - Pitching for Montgomery Biscuits : LHP Tony García
|
Batting: RHB Pedro Mata
|
0-0: Ball 1-0: SINGLE (Groundball, 6) (infield hit)
|
Batting: RHB Mitch Thomas
|
0-0: Ball 1-0: Ball 2-0: Ball 3-0: Base on Balls Pedro Mata to second
|
Batting: RHB Ben Morton
|
0-0: Ball 1-0: Grounds into double play, 6-4-3 (Groundball, 56) Pedro Mata to third
|
Batting: RHB Kyle O'Day
|
0-0: Called Strike 0-1: Ball 1-1: Called Strike 1-2: Foul Ball, location: 2F 1-2: Strikes out swinging
|
Bottom of the 4th over - 0 run(s), 1 hit(s), 0 error(s), 1 left on base; Montgomery 1 - Gainesville 1 |
TOP OF THE 5TH |
Montgomery Biscuits batting - Pitching for Gainesville Guidos : RHP Matt McGinnity
|
Batting: RHB Carlos Vásquez
|
0-0: Called Strike 0-1: Ground out 4-3 (Groundball, 4M)
|
Batting: LHB Curt Causton
|
0-0: Called Strike 0-1: Called Strike 0-2: Ball 1-2: Ground out 6-3 (Groundball, 6)
|
Batting: RHB Peyton Yardley
|
0-0: Ball 1-0: Foul Ball, location: 2F 1-1: Swinging Strike 1-2: Foul Ball, location: 2F 1-2: Foul Ball, location: 2F 1-2: Ball 2-2: Foul Ball, location: 2F 2-2: Ball 3-2: Foul Ball, location: 2F 3-2: Strikes out swinging
|
Top of the 5th over - 0 run(s), 0 hit(s), 0 error(s), 0 left on base; Montgomery 1 - Gainesville 1 |
BOTTOM OF THE 5TH |
Gainesville Guidos batting - Pitching for Montgomery Biscuits : LHP Tony García
|
Batting: RHB Iván Moreno
|
0-0: Ball 1-0: Fly out, F9 (Flyball, 89M)
|
Batting: LHB António Cedeño
|
0-0: Ball 1-0: Fly out, F5 (Popup, 5D)
|
Batting: LHB Dave Watt
|
0-0: Ball 1-0: Foul Ball, location: 2F 1-1: Ball 2-1: Ball 3-1: Foul Ball, location: 2F 3-2: Foul Ball, location: 2F 3-2: Strikes out swinging
|
Bottom of the 5th over - 0 run(s), 0 hit(s), 0 error(s), 0 left on base; Montgomery 1 - Gainesville 1 |
TOP OF THE 6TH |
Montgomery Biscuits batting - Pitching for Gainesville Guidos : RHP Matt McGinnity
|
Batting: RHB Dave Dawson
|
0-0: Ground out 3-1 (Groundball, 34)
|
Batting: RHB Collin Smith
|
0-0: Ball 1-0: Swinging Strike 1-1: Ball 2-1: Foul Ball, location: 2F 2-2: Ball 3-2: Base on Balls
|
Batting: RHB Larry Mitchell
|
0-0: Ball 1-0: Foul Ball, location: 2F 1-1: Called Strike Collin Smith steals 2nd base 1-2: Ball 2-2: Fly out, F5 (Popup, 56S)
|
Batting: RHB Jean-Paul St-Pierre
|
0-0: Ball 1-0: Ball 2-0: Called Strike 2-1: Ground out 1-3 (Groundball, 15S)
|
Top of the 6th over - 0 run(s), 0 hit(s), 0 error(s), 1 left on base; Montgomery 1 - Gainesville 1 |
BOTTOM OF THE 6TH |
Gainesville Guidos batting - Pitching for Montgomery Biscuits : LHP Tony García
|
Batting: LHB Mark Owens
|
0-0: Ball 1-0: Foul Ball, location: 2F 1-1: Fly out, F4 (Popup, 34)
|
Batting: RHB Noriyori Ine
|
0-0: Ball 1-0: Ball 2-0: Called Strike 2-1: Ball 3-1: Base on Balls
|
Batting: RHB Pedro Mata
|
0-0: Ball Noriyori Ine is caught stealing 2nd base 1-0: Foul Ball, location: 2F 1-1: Called Strike 1-2: DOUBLE (Groundball, 3L)
|
Batting: RHB Mitch Thomas
|
0-0: Called Strike 0-1: Fly out, F9 (Flyball, 9M)
|
Bottom of the 6th over - 0 run(s), 1 hit(s), 0 error(s), 1 left on base; Montgomery 1 - Gainesville 1 |
TOP OF THE 7TH |
Montgomery Biscuits batting - Pitching for Gainesville Guidos : RHP Matt McGinnity
|
Pitching: RHP Juan Mora
|
|
Batting: RHB Pete Smith
|
0-0: DOUBLE (Flyball, 8RXD)
|
Batting: LHB José Martínez
|
0-0: Intentional Walk
|
Pinch Hitting: RHB Juan Díaz
|
0-0: Ball 1-0: Sac Bunt - play at first, batter OUT! U3 Pete Smith to third José Martínez to second
|
Batting: LHB Curt Causton
|
0-0: Foul Ball, location: 2F 0-1: Ball 1-1: Ball 2-1: Foul Ball, location: 2F 2-2: Strikes out swinging
|
Pinch Hitting: SHB Orlando Aguilar
|
0-0: Ball 1-0: Foul Ball, location: 2F 1-1: Swinging Strike 1-2: Ball 2-2: SINGLE (Flyball, 6MD) Pete Smith scores José Martínez to third Runner from 3rd tries for Home, throw and OUT!
|
Top of the 7th over - 1 run(s), 2 hit(s), 0 error(s), 1 left on base; Montgomery 2 - Gainesville 1 |
BOTTOM OF THE 7TH |
Gainesville Guidos batting - Pitching for Montgomery Biscuits : LHP Tony García
|
Pitching: RHP Ángel Ávila
|
|
Now at 3B: Orlando Aguilar
|
|
Now in RF: Brian MacIntosh
|
|
Batting: RHB Ben Morton
|
0-0: Called Strike 0-1: Foul Ball, location: 2F 0-2: Strikes out looking
|
Batting: RHB Kyle O'Day
|
0-0: Ground out U3 (Groundball, 3S)
|
Batting: RHB Iván Moreno
|
0-0: Ball 1-0: Ball 2-0: Fly out, F8 (Flyball, 8RS)
|
Bottom of the 7th over - 0 run(s), 0 hit(s), 0 error(s), 0 left on base; Montgomery 2 - Gainesville 1 |
TOP OF THE 8TH |
Montgomery Biscuits batting - Pitching for Gainesville Guidos : RHP Juan Mora
|
Batting: RHB Dave Dawson
|
0-0: Ground out 2-3 (Groundball, 2L)
|
Batting: RHB Collin Smith
|
0-0: Ball 1-0: Foul Ball, location: 2F 1-1: Called Strike 1-2: Foul Ball, location: 2F 1-2: Ball 2-2: Strikes out swinging
|
Batting: RHB Larry Mitchell
|
0-0: Ball 1-0: Ball 2-0: Called Strike 2-1: Ball 3-1: Swinging Strike 3-2: Base on Balls
|
Batting: RHB Jean-Paul St-Pierre
|
0-0: Called Strike 0-1: Ball 1-1: Ball 2-1: Swinging Strike 2-2: Ball 3-2: Strikes out swinging
|
Top of the 8th over - 0 run(s), 0 hit(s), 0 error(s), 1 left on base; Montgomery 2 - Gainesville 1 |
BOTTOM OF THE 8TH |
Gainesville Guidos batting - Pitching for Montgomery Biscuits : RHP Ángel Ávila
|
Pitching: RHP Jim Baker
|
|
Now at 1B: Carlos Velásquez
|
|
Batting: LHB António Cedeño
|
0-0: Called Strike 0-1: Ball 1-1: Swinging Strike 1-2: Ball 2-2: Ball 3-2: Foul Ball, location: 2F 3-2: Strikes out looking
|
Pitching: LHP Steve Billington
|
|
Batting: LHB Dave Watt
|
0-0: Called Strike 0-1: Ball 1-1: Ground out 4-3 (Groundball, 34)
|
Batting: LHB Mark Owens
|
0-0: Ball 1-0: Swinging Strike 1-1: Ball 2-1: Swinging Strike 2-2: Foul Ball, location: 2F 2-2: Strikes out looking
|
Bottom of the 8th over - 0 run(s), 0 hit(s), 0 error(s), 0 left on base; Montgomery 2 - Gainesville 1 |
TOP OF THE 9TH |
Montgomery Biscuits batting - Pitching for Gainesville Guidos : RHP Josh Higgins
|
Pitching: RHP Josh Higgins
|
|
Batting: RHB Pete Smith
|
0-0: Ball 1-0: Ball 2-0: Ball 3-0: Base on Balls
|
Pitching: RHP Lance Sanders
|
|
Batting: LHB José Martínez
|
0-0: Sac Bunt - play at first, batter OUT! 1-4 Pete Smith to second
|
Batting: LHB Brian MacIntosh
|
0-0: SINGLE (Line Drive, 9LM) Pete Smith to third
|
Batting: LHB Curt Causton
|
Pickoff Throw to First - Out! 0-0: Ball 1-0: Called Strike 1-1: Foul Ball, location: 2F 1-2: Ball 2-2: Ball 3-2: Fly out, F7 (Flyball, 78M)
|
Top of the 9th over - 0 run(s), 1 hit(s), 0 error(s), 1 left on base; Montgomery 2 - Gainesville 1 |
BOTTOM OF THE 9TH |
Gainesville Guidos batting - Pitching for Montgomery Biscuits : LHP Steve Billington
|
Pitching: RHP Scott Walker
|
|
Pinch Hitting: LHB Marcos Villarreal
|
0-0: SINGLE (Flyball, 7S)
|
Batting: RHB Pedro Mata
|
0-0: Sac Bunt - play at first, batter OUT! 2-4 Marcos Villarreal to second
|
Pinch Hitting: RHB Kurt Walter
|
0-0: Ball 1-0: Ball 2-0: SINGLE (Flyball, 9LS) Marcos Villarreal to third
|
Pinch Hitting: LHB Ed Hart
|
0-0: Ball 1-0: Grounds into double play, 1-6-3 (Groundball, 25)
|
Bottom of the 9th over - 0 run(s), 2 hit(s), 0 error(s), 1 left on base; Montgomery 2 - Gainesville 1 |
|